 Dungeon Crawl Stone Soup version 0.20-a0-1122-gb7cbeb9 (webtiles) character file.

924 Naow the Chopper (level 8, 0/58 HPs)
             Began as a Formicid Fighter on May 15, 2017.
             Succumbed to a worker ant's poison
             ... on level 4 of the Dungeon.
             The game lasted 00:07:33 (5544 turns).

Naow the Chopper (Formicid Fighter)                 Turns: 5544, Time: 00:07:34

Health: 0/58       AC:  9    Str: 28    XL:     8   Next: 32%
Magic:  8/8        EV:  9    Int:  8    God:
Gold:   174        SH: 11    Dex: 10    Spells: 7/7 levels left

rFire    . . .     SeeInvis +   a - +0 war axe
rCold    . . .     Gourm    .   c - +0 shield
rNeg     . . .     Faith    .   b - +0 scale mail
rPois    .         Spirit   .   (helmet unavailable)
rElec    .         Reflect  .   (no cloak)
rCorr    .         Harm     .   p - +1 pair of gloves
MR       .....                  (no boots)
Stlth    ..........             (no amulet)
Regen    0.2/turn               (no ring)
MPRegen  0.2/turn               (no ring)

@: mighty, lethally poisoned (0 -> -10)
A: permanent stasis, dig shafts and tunnels, four strong arms, antennae 3
a: Dig, Shaft Self


You were on level 4 of the Dungeon.
You were not hungry.

You visited 1 branch of the dungeon, and saw 4 of its levels.

You collected 174 gold pieces.

Inventory:

Hand Weapons
 a - a +0 war axe (weapon)
Armour
 b - a +0 scale mail (worn)
 c - a +0 shield (worn)
 p - a +1 pair of gloves (worn)
Wands
 t - a wand of random effects (17/48)
Scrolls
 h - 4 scrolls of identify {unknown}
 i - a scroll of immolation {unknown}
 j - a scroll of remove curse {unknown}
 m - a scroll of blinking {unknown}
 n - a scroll of amnesia {unknown}
 r - a scroll of fog {unknown}
Potions
 e - 2 potions of resistance {unknown}
 g - 2 potions of agility {unknown}
 k - 2 potions of mutation {unknown}
 l - a potion of curing {unknown}
 o - 3 potions of brilliance {unknown}
 q - a potion of experience {unknown}
 s - a potion of lignification {unknown}
 u - a potion of cancellation {unknown}
Comestibles
 f - 3 bread rations
 v - a chunk of flesh


   Skills:
 - Level 3.2 Fighting
 * Level 7.6 Axes
 - Level 3.2 Armour
 + Level 7.2 Shields


You had 7 spell levels left.
You didn't know any spells.

Dungeon Overview and Level Annotations

Branches:
Dungeon (4/15)
 Temple: D:4-7

Altars:
Uskayaw


Innate Abilities, Weirdness & Mutations

You cannot be hasted, slowed, berserked, paralysed or teleported.
You can dig through walls and to a lower floor.
Your four strong arms can wield two-handed weapons with a shield.
You have a pair of large antennae on your head. (SInv)


Message History

You feel sick. You block the leopard gecko's attack.
The orc wizard casts a spell.
The orc wizard blinks!
The leopard gecko bites you.
* * * LOW HITPOINT WARNING * * *
You slash the orc!
You kill the orc!
You miss the leopard gecko.
* * * LOW HITPOINT WARNING * * *
You feel sick. You block the leopard gecko's attack.
You hit the orc wizard.
The orc wizard is lightly wounded.
You hit the leopard gecko.
* * * LOW HITPOINT WARNING * * *
You feel sick. You block the leopard gecko's attack.
The orc wizard hits you but does no damage.
You closely miss the orc wizard.
The orc wizard is lightly wounded.
You hit the leopard gecko.
You kill the leopard gecko!
You die...

.....####.# .....# ##.##
# ###### #...# .# ...#
#...# ##. ##.# #...# ..
##.# #...# .# #
##.#####...######.#.##.#
##...............o......
................@#...
...........(....)).#
########...######......
# #..># .##.... #...# .#
.#. ###)..## .. ..
#......# ## . #.##.#.#
#####.##.#.#


You could see an orc wizard.

Vanquished Creatures
  Eustachio (D:4)
  An ogre (D:4)
  A phantom (D:4)
  A bullfrog (D:4)
  A water moccasin skeleton (D:4)
  A scorpion (D:4)
  3 jellies (D:3)
  A bullfrog skeleton (D:4)
  Jessica (D:2)
  Natasha (D:2)
  An orc wizard (D:4)
  2 worker ants (D:4)
  6 adders
  4 gnolls (D:3)
  8 oozes
  An adder skeleton (D:4)
  4 worms
  3 leopard geckos
  2 orcs (D:4)
  A ball python (D:3)
  4 giant cockroaches
  8 goblins
  4 hobgoblins
  2 quokkas
  10 bats
  2 frilled lizards (D:3)
  12 kobolds
  8 rats
94 creatures vanquished.

Vanquished Creatures (others)
  10 fungi (D:3)
  8 toadstools (D:3)
18 creatures vanquished.

Grand Total: 112 creatures vanquished

Notes
Turn   | Place    | Note
-------+----------+-------------------------------------------
     0 | D:1      | Naow the Formicid Fighter began the quest for the Orb.
     0 | D:1      | Reached XP level 1. HP: 18/18 MP: 1/1
   344 | D:1      | Reached XP level 2. HP: 24/24 MP: 2/2
  1110 | D:2      | Reached XP level 3. HP: 29/29 MP: 3/3
  1354 | D:2      | Found a hide-covered altar of Uskayaw.
  1534 | D:2      | Reached XP level 4. HP: 32/35 MP: 4/4
  1570 | D:2      | Noticed Jessica
  1576 | D:2      | Killed Jessica
  2082 | D:2      | Noticed Natasha
  2096 | D:2      | Killed Natasha
  2096 | D:2      | Reached XP level 5. HP: 10/41 MP: 5/5
  2807 | D:3      | Reached skill level 5 in Shields
  3569 | D:3      | Reached XP level 6. HP: 17/47 MP: 6/6
  3771 | D:3      | Reached skill level 5 in Axes
  4443 | D:4      | Noticed a phantom
  4490 | D:4      | Killed a phantom
  4490 | D:4      | Reached XP level 7. HP: 33/52 MP: 7/7
  4717 | D:4      | Noticed Eustachio
  4756 | D:4      | Killed Eustachio
  5358 | D:4      | Reached XP level 8. HP: 58/58 MP: 8/8
  5543 | D:4      | HP: 1/58 [poisoned by a worker ant]
  5544 | D:4      | Succumbed to a worker ant's poison

Vault maps used:
D:1:      roderic_dead_forest, kennysheep_another_room, minmay_tetromino_i2
D:2:      overflow_temple_1_default, first_bread, uniq_natasha, uniq_jessica
D:3:      cheibrodos_fertilizer
D:4:      serial_forest, infiniplex_forest_clump_tiny,
          infiniplex_forest_clump_small, infiniplex_forest_corner_1,
          infiniplex_forest_clump_cross, uniq_eustachio

Skill      XL: |  1  2  3  4  5  6  7  8 |
---------------+-------------------------+-----
Shields        | 4 5 6 7 |  7.2
Axes           | 3 4 5 7 |  7.6
Fighting       | |  3.2
Armour         | |  3.2

Action                   |  1- 3 |  4- 6 |  7- 9 || total
-------------------------+-------+-------+-------++-------
Melee: War axe           |   108 |   190 |   109 ||   407
  Use: Potion            |       |       |     1 ||     1
  Eat: Chunk             |     2 |     5 |     3 ||    10
       Meat ration       |       |     1 |       ||     1
Armor: Scale mail        |    47 |    73 |    35 ||   155
Dodge: Dodged            |    27 |    65 |    39 ||   131
Block: Shield            |    59 |   104 |    58 ||   221
